 Dungeon Crawl Stone Soup version 0.17-a0-2231-gd80ca38 (webtiles) character file.

86 Raultor the Vexing (level 4, -4/27 HPs)
             Began as an Octopode Enchanter on Oct 29, 2015.
             Was an Initiate of Dithmenos.
             Slain by Terence
             ... wielding a +0 flail
              (8 damage)
             ... on level 2 of the Dungeon.
             The game lasted 00:08:23 (1682 turns).

Raultor the Vexing (Octopode Enchanter)             Turns: 1682, Time: 00:08:23

Health: -4/27      AC:  1    Str:  7    XL:     4   Next: 49%
Magic:  0/8        EV: 12    Int: 18    God:    Dithmenos [......]
Gold:   53         SH:  0    Dex: 12    Spells: 3 memorised, 2 levels left

rFire  . . .     SeeInvis .     a - +1 dagger
rCold  . . .     Clarity  .     (no shield)
rNeg   . . .     SustAt   .     (helmet restricted)
rPois  .         Gourm    .     (no amulet)
rElec  .         Spirit   .     (no ring)
rCorr  .         Warding  .     (no ring)
rMut   .         Stasis   .     (no ring)
MR     .....                    (no ring)
Stlth  ++++......               (no ring)
                                (no ring)
                                (no ring)
                                (no ring)

@: not resistant to hostile enchantments, stealthy
A: almost no armour, amphibious, 8 rings, constrict 8, camouflage 1, gelatinous
body 1
a: Renounce Religion


You were on level 2 of the Dungeon.
You worshipped Dithmenos.
Dithmenos was noncommittal.
You were not hungry.

You visited 1 branch of the dungeon, and saw 3 of its levels.

You collected 53 gold pieces.

Inventory:

Hand Weapons
 a - a +1 dagger (weapon)
Scrolls
 e - a scroll of noise {unknown}
 f - a scroll of remove curse {unknown}
 i - 2 scrolls of fear {unknown}
 l - a scroll of recharging {unknown}
 n - a scroll of teleportation {unknown}
 o - a scroll of enchant weapon {unknown}
Potions
 h - a potion of curing
 k - a potion of beneficial mutation {unknown}
 m - a potion of might {unknown}
 p - a potion of poison {unknown}
 q - a potion of brilliance {unknown}
 r - a potion of heal wounds {unknown}
Books
 b - a book of Maledictions

   Spells                             Type                      Level
   a - Corona                         Hexes                        1
   b - Ensorcelled Hibernation        Hexes/Ice                    2
   c - Confuse                        Hexes                        3
   d - Tukima's Dance                 Hexes                        3
   e - Dazzling Spray                 Conjuration/Hexes            3
Comestibles
 c - a bread ration
 d - 4 meat rations
 g - 6 chunks of flesh
 j - 2 beef jerkies


   Skills:
 - Level 1.0 Short Blades
 + Level 2.4 Dodging
 - Level 4.0 Stealth
 + Level 2.8 Spellcasting
 * Level 4.3 Hexes


You had 2 spell levels left.
You knew the following spells:

 Your Spells              Type           Power        Failure   Level  Hunger
a - Corona                Hex            ###....      2%          1    None
b - Ensorcelled Hibernat  Hex/Ice        ##....       12%         2    ##.....
c - Tukima's Dance        Hex            ###.....     10%         3    ###....


Dungeon Overview and Level Annotations

Branches:
Dungeon (3/15)

Altars:
Cheibriados
Dithmenos
Makhleb
Ru
Yredelemnul
Zin
The Shining One

Annotations:
D:2 Terence


Innate Abilities, Weirdness & Mutations

You cannot wear most types of armour.
You are amphibious.
You can wear up to eight rings at the same time.
You can use your tentacles to constrict eight enemies at once.
Your skin changes colour to match your surroundings (Stealth).
Your rubbery body absorbs attacks (AC +1).


Message History

Terence resists with some effort.
Terence barely misses you.
The giant cockroach waves its antennae.
There is a stone staircase leading up here.
Terence hits you with a flail.
* * * LOW HITPOINT WARNING * * *
You climb upwards.
There is a stone staircase leading down here.
Unknown command.
Terence shouts, "Now you die!"
Casting: Ensorcelled Hibernation
Confirm with . or Enter, or press ? or * to list all spells.
Aiming: Ensorcelled Hibernation
Press: ? - help, Shift-Dir - straight line, f - Terence
Aim: Terence, wielding a flail and wearing a ring mail (heavily wounded, chance to defeat MR: 50%) Terence looks drowsy...
The helpless Terence fails to defend himself.
You puncture Terence! Your grab misses Terence.
Terence is almost dead.
Terence hits you with a flail!
You die...

#....#..###.....####.########.##
#....#..# #.#.#.# #.#.# #.##
###'##..###.#.#.# #.#.### #.##
#.........#.#.####.....# #.##
#.................##.#.####.##
#.##.#.##.##.>....)...........
####.##...................####.##
#.......#.......@..............##
#.##.####..#.##.@...............#
#.##......................#####.#
#.#####.#..#.......#.##..## #.#
#.##..[.........<#.#.##..# #.#
#.#####.#..#.##.##.#.....# #..
..............#.##.####.#######.#
#######.##.#.....#.# #....[....#
##.####.##..#.####.#######.#
####...............##.# ####


You could see Terence.

Vanquished Creatures
  3 adders (D:2)
  2 oozes
  An orc (D:3)
  A ball python (D:2)
  7 bats
  4 goblins
  9 hobgoblins
  6 kobolds
  3 giant cockroaches
  A giant gecko (D:2)
  6 giant newts
  A quokka (D:2)
  5 rats
49 creatures vanquished.

Notes
Turn   | Place    | Note
--------------------------------------------------------------
     0 | D:1      | Raultor the Octopode Enchanter began the quest for the Orb.
     0 | D:1      | Reached XP level 1. HP: 11/11 MP: 3/3
   150 | D:1      | Reached XP level 2. HP: 12/17 MP: 5/5
   154 | D:1      | Learned a level 2 spell: Ensorcelled Hibernation
   575 | D:1      | Reached XP level 3. HP: 19/21 MP: 4/6
   580 | D:1      | Learned a level 3 spell: Tukima's Dance
   959 | D:2      | Found a basalt altar of Yredelemnul.
   960 | D:2      | Found a snail-covered altar of Cheibriados.
   961 | D:2      | Found a glowing silver altar of Zin.
   961 | D:2      | Found a glowing golden altar of the Shining One.
   963 | D:2      | Found a shadowy altar of Dithmenos.
   963 | D:2      | Found a burning altar of Makhleb.
   964 | D:2      | Found a sacrificial altar of Ru.
   972 | D:2      | Became a worshipper of Dithmenos the Shadowed
  1190 | D:2      | Reached XP level 4. HP: 27/27 MP: 7/7
  1610 | D:3      | Noticed Terence
  1626 | D:3      | HP: 1/27 [giant cockroach (2)]
  1682 | D:2      | Slain by Terence

Vault maps used:
D:1:      sevenhm_arrival_forest_fort_small_3, minmay_misc_feat_iff
D:2:      grunt_temple_overflow_open
D:3:      kennysheep_orc_chapel, uniq_terence, uniq_natasha, uniq_sigmund

Action                   |  1- 3 |  4- 6 || total
-------------------------+-------+-------++-------
Melee: Dagger            |    62 |    33 ||    95
 Cast: Ensorcelled Hiber |     6 |     9 ||    15
  Use: Potion            |     1 |     1 ||     2
 Stab: Sleeping          |    20 |     9 ||    29
       Distracted        |     1 |       ||     1
  Eat: Chunk             |     1 |     2 ||     3
